 Dungeon Crawl Stone Soup version 0.27-a0-1228-gfd60fd639a (webtiles) character file.

Game seed: 7276078688440590800

74342 robertstho the Eclecticist (level 15, -12/90 (107) HPs)
             Began as a Djinni Fire Elementalist on June 7, 2021.
             Was an Initiate of Gozag.
             Shot with a bolt by a naga sharpshooter (22 damage)
             ... on level 1 of the Snake Pit.
             The game lasted 00:57:22 (34138 turns).

robertstho the Eclecticist (DjFE)                  Turns: 34138, Time: 00:57:22

HP:   -12/90 (107)  AC:  5    Str:  7    XL:     15   Next: 93%
Gold: 2675          EV: 18    Int: 23    God:    Gozag SH: 12 Dex: 14

rFire    + + +     SeeInvis +   k - staff of fire
rCold    x . .     Faith    .   v - +0 buckler
rNeg     . . .     Spirit   +   W - +2 robe {Archmagi}
rPois    ∞         Reflect  .   P - +0 mask of the Dragon {Will+ Slay+3 SInv}
rElec    .         Harm     .   o - scarf {+Inv}
rCorr    .         Rampage  .   N - +0 pair of gloves
Will     ++...                  (boots unavailable)
Stlth    +++.......             C - brooch of Shielding {Spirit SH+8}
HPRegen  0.25/turn              t - ring of wizardry
MPRegen  0.00/turn              b - +4 ring of evasion

@: gold aura, flying, heavily drained
A: sickness immunity, fire resistance 2, cold vulnerability 1, float, innate
caster, hp casting, extra vitality 1
a: Renounce Religion, Evoke Invisibility, Potion Petition, Call Merchant, Bribe
Branch


You were on level 1 of the Snake Pit.
You worshipped Gozag.
Gozag was most pleased with you.
You visited 5 branches of the dungeon, and saw 23 of its levels.
You also visited: Bailey.

You collected 6618 gold pieces.
You spent 3328 gold pieces at shops.
You paid 615 gold pieces to Gozag.

Inventory:

Hand Weapons
 m - the +9 falchion of Keivivaf {flame, Contam rC+ Str+4 Stlth+}
   (You bought it in a shop on level 1 of the Snake Pit)

   It has been specially enchanted to burn those struck by it, causing extra
   injury to most foes and up to half again as much damage against particularly
   susceptible opponents.
   Big, fiery blades are also staple armaments of hydra-hunters.
   It affects your strength (+4).
   It protects you from cold.
   It causes magical contamination when unequipped.
   It makes you more stealthy.
 n - a +2 falchion of holy wrath
 T - a +0 scimitar of flaming
 Z - the +6 mace "Zeasm" {freeze, Dex+5}
   (You bought it in a shop on level 1 of the Snake Pit)

   It has been specially enchanted to freeze those struck by it, causing extra
   injury to most foes and up to half again as much damage against particularly
   susceptible opponents.
   It can also slow down cold-blooded creatures.
   It affects your dexterity (+5).
Armour
 o - a scarf of invisibility (worn)
 v - a +0 buckler (worn)
 x - +1 acid dragon scales
 N - a +0 pair of gloves (worn)
 P - the +0 mask of the Dragon (worn) {Will+ Slay+3 SInv}
   (You bought it in a shop on level 10 of the Dungeon)

   It affects your accuracy and damage with ranged weapons and melee attacks
   (+3).
   It lets you see invisible.
   It increases your willpower.
 W - a +2 robe of the Archmagi (worn)
Magical Staves
 k - a staff of fire (weapon)
Jewellery
 b - a +4 ring of evasion (right hand)
 t - a ring of wizardry (left hand)
 C - the brooch of Shielding (around neck) {Spirit SH+8}
   (You bought it in a shop on level 13 of the Dungeon)

   [amulet of guardian spirit]

   It causes incoming damage to be divided between your reserves of health and
   magic.
   It affects your SH (+8).
 D - a ring of positive energy
 G - a ring of wizardry
 M - a ring of see invisible
 Q - a ring of ice
 U - a ring of protection from fire
Wands
 a - a wand of mindburst (5)
 r - a wand of acid (10)
 y - a wand of digging (9)
 R - a wand of iceblast (26)
Scrolls
 c - 3 scrolls of enchant weapon
 e - 3 scrolls of silence
 f - a scroll of holy word
 g - 8 scrolls of magic mapping
 j - 4 scrolls of identify
 l - 6 scrolls of teleportation
 q - 5 scrolls of fog
 s - a scroll of immolation
 A - 3 scrolls of torment
 B - 2 scrolls of brand weapon
 K - 2 scrolls of enchant armour
 X - a scroll of fear
Potions
 d - 7 potions of curing
 h - 2 potions of brilliance
 i - a potion of berserk rage
 u - 6 potions of attraction
 z - a potion of heal wounds
 E - 2 potions of might
 F - 7 potions of lignification
 H - 2 potions of ambrosia
 J - 8 potions of cancellation
 O - 3 potions of resistance
 S - 2 potions of haste
 V - a potion of invisibility
 Y - a potion of mutation
Miscellaneous
 I - a lightning rod (4/4)


   Skills:
 * Level 10.2 Fighting
 + Level 2.9 Staves
 + Level 5.7 Dodging
 + Level 5.0 Stealth
 + Level 2.4 Shields
 * Level 17.4 Spellcasting


You had 8 spell levels left.
You knew the following spells:

 Your Spells              Type           Power      Damage    Failure   Level
a - Foxfire               Conj/Fire      100%       2x1d9     0%          1
b - Conjure Flame         Conj/Fire      100%       6-21      0%          3
c - Inner Flame           Hex/Fire       100%       N/A       0%          3
d - Sticky Flame          Conj/Fire      100%       2d11      1%          4
e - Fireball              Conj/Fire      61%        3d23      1%          5
f - Sting                 Tmut/Pois      100%       1d8       0%          1
g - Ensorcelled Hibernat  Hex/Ice        100%       N/A       0%          2
h - Call Imp              Summ           100%       N/A       0%          2
i - Ignite Poison         Fire/Tmut/Pois 100%       N/A       0%          3
j - Summon Forest         Summ/Tloc      50%        N/A       1%          5
k - Summon Mana Viper     Hex/Summ       100%       N/A       1%          5
l - Starburst             Conj/Fire      61%        8x6d16    1%          6
Your spell library was empty.

Dungeon Overview and Level Annotations

Branches:
Dungeon (14/15)            Temple (1/1) D:7            Lair (6/6) D:10
 Shoals (0/4) Lair:3        Snake (1/4) Lair:2        Slime (0/5) Lair:6
    Orc (1/2) D:11         Vaults (0/5) D:13         Bailey (visited)

Altars:
Ashenzari
Dithmenos
Elyvilon
Fedhas
Gozag
Hepliaklqana
Makhleb
Nemelex Xobeh
Qazlal
Ru
Sif Muna
Trog
Uskayaw
Vehumet
Xom
Yredelemnul
Zin
The Shining One
Beogh
Jiyva

Shops:
D:10 *   D:12 !   D:13 =   Snake:1 =((

Annotations:
D:5 2 transporters, ZappyNine's ghost, novice OgHu
D:11 Josephine


Innate Abilities, Weirdness & Mutations

You are immune to sickness and miasma.
You are immune to poison.
Your flesh is very heat resistant. (rF++)
You are vulnerable to cold. (rC-)
You float through the air rather than walking.
You learn spells naturally, not from books.
Your magical power is your life essence.
You have superior vitality. (+4 HP)


Message History

You hear an angry hiss.
Unknown command.
Casting: Fireball (safe; 1% risk of failure)
Confirm with . or Enter, or press ? or * to list all spells.
Aiming: Fireball (safe; 1% risk of failure)
Press: ? - help, Shift-Dir - straight line, f - naga sharpshooter
Aim: a naga sharpshooter, wielding a +0 arbalest and quivering bolts You feel a strong surge of power!
The fireball explodes!
The fireball engulfs the naga sharpshooter!!
The naga sharpshooter is moderately wounded.
* * * LOW HITPOINT WARNING * * *
The naga sharpshooter spits poison at you.
You block the splash of poison.
Unknown command.
Casting: Fireball (safe; 1% risk of failure)
Confirm with . or Enter, or press ? or * to list all spells.
Aiming: Fireball (safe; 1% risk of failure)
Press: ? - help, Shift-Dir - straight line, f/p - naga sharpshooter
Aim: a naga sharpshooter, wielding a +0 arbalest and quivering bolts (moderately wounded, catching its breath)
You feel a strong surge of power!
The fireball explodes!
The fireball engulfs the naga sharpshooter!!
The naga sharpshooter is severely wounded.
You feel a bit more experienced.
* * * LOW HITPOINT WARNING * * *
You hear an angry hiss.
The naga sharpshooter gestures wildly while chanting.
The naga sharpshooter magically shoots a bolt.
You block the bolt.
Casting: Fireball (safe; 1% risk of failure)
Confirm with . or Enter, or press ? or * to list all spells.
Aiming: Fireball (safe; 1% risk of failure)
Press: ? - help, Shift-Dir - straight line, f/p - naga sharpshooter
Aim: a naga sharpshooter, wielding a +0 arbalest and quivering bolts (severely wounded, catching its breath)
You feel a strong surge of power!
The fireball explodes!
The fireball engulfs the naga sharpshooter!
The naga sharpshooter is almost dead.
* * * LOW HITPOINT WARNING * * *
The naga sharpshooter shoots a bolt.
The bolt hits you!!
You die...
Your body crumbles into a pile of gold.

.....N. ...
.N...N. #.# $
S...... $ #.#
.$$.... ##.##
..... #...# ...
#######.########N#
.....#...#..@.$$.#
#.....∩.....#####
###.#...#.###
###.∩)###
###.#...#.###
##.....∩.....##
.....#...#......
#######.########
#...#


You could see a naga sharpshooter (catching breath).

Vanquished Creatures
  The ghost of freelancePsychic the Grappler, a journeyman TrBe of Trog (D:12)
  4 vault guards (D:13)
  Fannar (Orc:1)
  A boulder beetle (Lair:3)
  Harold (D:9)
  9 hydras
  An ogre mage (D:13)
  Erica (Lair:1)
  A centaur warrior (D:12)
  A two-headed ogre (D:8)
  A death yak (Lair:4)
  A spriggan (D:12)
  2 naga sharpshooters (Snake:1)
  A naga ritualist (Snake:1)
  The ghost of snackwell the Caller, a novice TeSu (D:8)
  3 orc knights
  A mana viper (Snake:1)
  2 oklob plants (Lair:1)
  Maurice (D:10)
  2 cyclopes
  12 elephants
  A merfolk siren (Lair:3)
  A naga mage (Snake:1)
  5 black mambas
  23 cane toads
  Maggie (D:6)
  A gargoyle (D:13)
  2 unseen horrors (D:11)
  2 rime drakes
  A freezing wraith (D:14)
  A tengu conjurer (D:13)
  8 komodo dragons
  3 polar bears
  Prince Ribbit (D:6)
  3 trolls
  4 tyrant leeches (Lair:6)
  23 blink frogs
  A hornet (D:12)
  4 slime creatures (D:14)
  A dream sheep (shapeshifter) (D:13)
  7 dream sheep (Lair:5)
  A meliai zombie (D:11)
  Sigmund (D:6)
  A shadow (D:10)
  5 wyverns
  4 basilisks
  4 wraiths (D:11)
  27 yaks
  2 humans (D:13)
  A steam dragon (D:7)
  Grum (D:9)
  6 vampire mosquitoes
  2 wargs (D:10)
  4 nagas
  14 water moccasins
  An acid dragon (D:12)
  18 orc warriors
  2 black bears
  A hornet zombie (D:8)
  2 ice beasts
  A sky beast (D:8)
  9 centaurs
  3 necrophages
  8 wolves
  2 phantoms
  A kobold brigand (D:10)
  21 bullfrogs
  2 gnoll sergeants (D:9)
  A water moccasin zombie (D:5)
  A scorpion (D:4)
  9 killer bees (D:9)
  6 electric eels
  A howler monkey (D:10)
  2 centaur zombies
  A jelly (D:6)
  10 hounds
  A bullfrog skeleton (D:6)
  4 gnoll shamans
  11 orc priests
  A scorpion zombie (D:5)
  2 iguanas
  13 orc wizards
  2 human simulacra (D:10)
  3 hound skeletons
  25 gnolls
  A howler monkey skeleton (D:6)
  3 adders
  3 white imps
  An ufetubus (D:4)
  An adder skeleton (D:4)
  62 orcs
  8 ball pythons
  2 bats (D:1)
  10 endoplasms
  3 giant cockroaches
  8 goblins
  3 hobgoblins
  3 jackals (D:9)
  3 quokkas
  A frilled lizard (D:1)
  9 kobolds
  4 rats
503 creatures vanquished.

Vanquished Creatures (collateral kills)
  2 hydras (Lair:6)
  3 boulder beetles
  2 centaur warriors
  A two-headed ogre (D:9)
  3 death yaks (Lair:4)
  A fire crab (Lair:6)
  A lindwurm (Lair:6)
  A cyclops (D:12)
  8 elephants (Lair:6)
  A black mamba (Lair:6)
  6 cane toads (Lair:6)
  A rime drake (Lair:1)
  2 komodo dragons
  An efreet (D:13)
  A polar bear (D:12)
  8 blink frogs
  A vampire (D:13)
  9 yaks
  A spriggan (D:12)
  2 basilisks
  5 vampire mosquitoes
  A naga (Lair:2)
  A water moccasin (Lair:6)
  2 orc warriors
  10 wolves
  A boggart (D:12)
  5 centaurs
  5 bullfrogs
  4 killer bees (D:9)
  4 electric eels
  A hound (D:9)
  An orc (D:9)
  3 foxfires
98 creatures vanquished.

Vanquished Creatures (others)
  665 foxfires
  39 fungi
  139 plants
  8 snaplasher vines
851 creatures vanquished.

Grand Total: 1452 creatures vanquished

Notes
Turn   | Place    | Note
-------+----------+-------------------------------------------
     0 | D:1      | robertstho the Djinni Fire Elementalist began the quest for
                  | the Orb.
     0 | D:1      | Reached XP level 1. HP: 15/15 MP: 0/0
   420 | D:1      | Reached XP level 2. HP: 19/21 MP: 0/0
   660 | D:1      | Reached skill level 3 in Spellcasting
   660 | D:1      | Reached XP level 3. HP: 16/26 MP: 0/0
   660 | D:1      | Learned a level 1 spell: Sting
  2643 | D:3      | Reached XP level 4. HP: 27/31 MP: 0/0
  2929 | D:3      | Reached skill level 1 in Fighting
  3489 | D:4      | Noticed a phantom
  3499 | D:4      | Killed a phantom
  3500 | D:4      | Reached skill level 4 in Spellcasting
  3500 | D:4      | Reached XP level 5. HP: 21/37 MP: 0/0
  3500 | D:4      | Learned a level 2 spell: Ensorcelled Hibernation
  3832 | D:4      | Found a large runed translucent door.
  3833 | D:4      | Found a large runed translucent door.
  3845 | D:4      | Noticed a necrophage
  3850 | D:4      | Killed a necrophage
  3851 | D:4      | Reached XP level 6. HP: 37/42 MP: 0/0
  4174 | D:4      | Noticed a necrophage
  4179 | D:4      | Killed a necrophage
  4180 | D:4      | Reached skill level 5 in Spellcasting
  4180 | D:4      | Reached XP level 7. HP: 44/49 MP: 0/0
  4180 | D:4      | Learned a level 2 spell: Call Imp
  5406 | D:4      | Found a glowing silver altar of Zin.
  5417 | D:4      | Found a blossoming altar of Fedhas.
  5464 | D:5      | Entered Level 5 of the Dungeon
  5661 | D:5      | Noticed a shadow
  6163 | D:5      | Identified a scroll of acquirement
  6164 | D:5      | Acquired a +1 helmet of intelligence
  6210 | D:5      | Reached skill level 6 in Spellcasting
  6286 | D:5      | Reached XP level 8. HP: 51/55 MP: 0/0
  6570 | D:5      | Found a sacrificial altar of Ru.
  6641 | D:5      | Found a transporter.
  6643 | D:5      | Noticed ZappyNine's ghost (novice OgHu)
  6884 | D:5      | Found a transporter.
  7531 | D:6      | Noticed Prince Ribbit
  7536 | D:6      | Killed Prince Ribbit
  7537 | D:6      | Reached skill level 7 in Spellcasting
  7691 | D:6      | Reached XP level 9. HP: 53/61 MP: 0/0
  7691 | D:6      | Learned a level 3 spell: Ignite Poison
  8467 | D:6      | Noticed Maggie
  8477 | D:6      | Killed Maggie
  8478 | D:6      | Reached skill level 1 in Staves
  8478 | D:6      | Reached skill level 8 in Spellcasting
  8485 | D:6      | Noticed Sigmund
  8833 | D:6      | Killed Sigmund
  9111 | D:7      | Found a staircase to the Ecumenical Temple.
  9130 | Temple   | Entered the Ecumenical Temple
  9268 | Temple   | Became a worshipper of Gozag Ym Sagoz the Greedy
  9295 | D:7      | Found a hazy altar of Hepliaklqana.
 10000 | D:7      | Reached skill level 9 in Spellcasting
 10000 | D:7      | Reached XP level 10. HP: 54/69 MP: 0/0
 11212 | D:8      | Reached skill level 5 in Fighting
 11234 | D:8      | Noticed a two-headed ogre
 11601 | D:8      | Found a runed translucent gate.
 11601 | D:8      | Noticed snackwell's ghost (novice TeSu)
 11610 | D:8      | Found a runed translucent gate.
 11610 | D:8      | Found a runed translucent gate.
 11656 | D:8      | Killed a two-headed ogre
 11657 | D:8      | Reached skill level 1 in Shields
 11657 | D:8      | Reached skill level 10 in Spellcasting
 12900 | D:8      | Killed snackwell's ghost
 13207 | D:9      | Reached XP level 11. HP: 43/76 MP: 0/0
 13207 | D:9      | Learned a level 5 spell: Summon Forest
 13209 | D:9      | Noticed a two-headed ogre
 13216 | D:9      | Killed a two-headed ogre
 13388 | D:9      | Reached skill level 11 in Spellcasting
 13651 | D:9      | Found a flagged portal.
 13664 | Bailey   | Entered a bailey
 13664 | Bailey   | Noticed an orc knight
 13665 | Bailey   | Noticed an orc knight
 13679 | Bailey   | Killed an orc knight
 13876 | Bailey   | Killed an orc knight
 14893 | D:9      | Noticed Harold
 14906 | D:9      | Killed Harold
 14907 | D:9      | Reached skill level 12 in Spellcasting
 15429 | D:9      | Noticed Grum
 15431 | D:9      | Killed Grum
 15851 | D:10     | Entered Level 10 of the Dungeon
 16488 | D:10     | Reached XP level 12. HP: 66/84 MP: 0/0
 16648 | D:10     | Found a staircase to the Lair.
 16752 | D:10     | Found Maipuret's Assorted Antiques.
 16762 | D:10     | Bought the +0 mask of the Dragon {Will+ Slay+3 SInv} for
                  | 835 gold pieces
 16762 | D:10     | Found the +0 mask of the Dragon {Will+ Slay+3 SInv}
 16762 | D:10     | Bought 2 fizzy sapphire potions for 45 gold pieces
 16762 | D:10     | Bought a scroll labelled ACVADD MYEFAXA for 25 gold pieces
 16762 | D:10     | Bought a green potion for 22 gold pieces
 16762 | D:10     | Bought a cabochon ring for 125 gold pieces
 16762 | D:10     | Bought a scroll of identify for 50 gold pieces
 16826 | D:10     | Noticed Maurice
 16830 | D:10     | Killed Maurice
 17885 | D:11     | Noticed Josephine
 18546 | D:11     | Found a staircase to the Orcish Mines.
 18720 | D:12     | Noticed a centaur warrior
 18724 | D:12     | Killed a centaur warrior
 18725 | D:12     | Reached skill level 13 in Spellcasting
 18960 | D:12     | Found Imiepneloh's Distillery.
 18968 | D:12     | Bought a potion of curing for 51 gold pieces
 18968 | D:12     | Bought a potion of heal wounds for 85 gold pieces
 18968 | D:12     | Bought a potion of cancellation for 136 gold pieces
 18968 | D:12     | Bought a potion of curing for 51 gold pieces
 18968 | D:12     | Bought a potion of resistance for 170 gold pieces
 18968 | D:12     | Bought a potion of magic for 136 gold pieces
 18968 | D:12     | Bought a potion of attraction for 51 gold pieces
 18968 | D:12     | Bought a potion of lignification for 51 gold pieces
 18968 | D:12     | Bought a potion of flight for 51 gold pieces
 19163 | D:12     | Found a runed translucent door.
 19164 | D:12     | Identified the +4 spear of Matz {holy, Fragile Will+++
                  | Int+5 Stlth+}
 19164 | D:12     | Noticed a spriggan rider
 19166 | D:12     | Noticed freelancePsychic's ghost (journeyman TrBe)
 19495 | D:12     | Noticed a boulder beetle
 19515 | D:12     | Killed a boulder beetle
 20022 | D:12     | Noticed a boulder beetle
 20036 | D:12     | Killed a boulder beetle
 20179 | D:12     | Killed a spriggan rider
 20283 | D:12     | Killed freelancePsychic's ghost
 20284 | D:12     | Reached XP level 13. HP: 62/90 MP: 0/0
 20284 | D:12     | Learned a level 5 spell: Summon Mana Viper
 20555 | D:13     | Noticed a vault guard
 20555 | D:13     | Noticed a vault guard
 20563 | D:13     | Killed a vault guard
 20670 | D:13     | Killed a vault guard
 20688 | D:13     | Noticed an ogre mage
 20691 | D:13     | Killed an ogre mage
 20692 | D:13     | Reached skill level 14 in Spellcasting
 20733 | D:13     | Noticed a vault guard
 20784 | D:13     | Killed a vault guard
 20857 | D:13     | Noticed a vault guard
 20859 | D:13     | Killed a vault guard
 21059 | D:13     | Found a gate to the Vaults.
 21097 | D:13     | Noticed a centaur warrior
 21109 | D:13     | Killed a centaur warrior
 21982 | D:14     | Reached skill level 5 in Dodging
 21983 | D:14     | Noticed a centaur warrior
 21989 | D:14     | Killed a centaur warrior
 22300 | Lair:1   | Entered Level 1 of the Lair of Beasts
 22300 | Lair:1   | Noticed Erica
 22318 | Lair:1   | Killed Erica
 22817 | Lair:1   | Noticed a four-headed hydra
 22827 | Lair:1   | Killed a four-headed hydra
 23201 | Lair:1   | Found a blossoming altar of Fedhas.
 23888 | Lair:1   | Reached skill level 15 in Spellcasting
 24207 | Lair:2   | Reached XP level 14. HP: 85/99 MP: 0/0
 25493 | Lair:2   | Found a staircase to the Snake Pit.
 26898 | Lair:3   | Identified the +2 ring mail of Compassion {*Corrode Str+3
                  | Int+3}
 27358 | Lair:3   | Found a staircase to the Shoals.
 27556 | Lair:4   | Reached skill level 16 in Spellcasting
 28322 | Lair:4   | You are sucked into a shaft and drop 2 floors!
 28322 | Lair:6   | Entered Level 6 of the Lair of Beasts
 28450 | Lair:6   | Reached XP level 15. HP: 45/106 MP: 0/0
 28450 | Lair:6   | Learned a level 6 spell: Starburst
 29307 | Lair:5   | Identified the +1 flail of Mandamus {antimagic, rC- rCorr
                  | Str-2 Stlth+}
 30388 | Lair:5   | HP: 2/107 [wolf (6)]
 31131 | Lair:6   | Reached skill level 17 in Spellcasting
 31605 | Lair:6   | Reached skill level 5 in Stealth
 32192 | Lair:6   | Reached skill level 10 in Fighting
 32751 | Lair:6   | Found a viscous altar of Jiyva.
 32751 | Lair:6   | Found a staircase to the Slime Pits.
 33343 | Orc:1    | Entered Level 1 of the Orcish Mines
 33344 | Orc:1    | Noticed Fannar
 33347 | Orc:1    | Noticed an orc warlord
 33349 | Orc:1    | Killed Fannar
 33714 | Snake:1  | Entered Level 1 of the Snake Pit
 33742 | Snake:1  | Found Himudwed's Weapon Boutique.
 33746 | Snake:1  | Found Liasch's Antique Weapon Shop.
 33900 | D:13     | Bought the brooch of Shielding {Spirit SH+8} for 772 gold
                  | pieces
 33900 | D:13     | Found the brooch of Shielding {Spirit SH+8}
 34099 | Snake:1  | Found Kuroo's Jewellery Boutique.
 34105 | Snake:1  | Bought an ichor-stained mace for 336 gold pieces
 34105 | Snake:1  | Identified the +6 mace "Zeasm" {freeze, Dex+5} (You bought
                  | it in a shop on level 1 of the Snake Pit)
 34105 | Snake:1  | Bought a brightly glowing falchion for 336 gold pieces
 34105 | Snake:1  | Identified the +9 falchion of Keivivaf {flame, Contam rC+
                  | Str+4 Stlth+} (You bought it in a shop on level 1 of the
                  | Snake Pit)
 34138 | Snake:1  | Shot with a bolt by a naga sharpshooter

Illustrated notes

Levels and vault maps discovered:
D:1:      dpeg_arrival_stonehenge_8_columns, layout_loops_ring
D:2:      layout_loops_ring
D:3:      layout_basic, serial_bayou_pond_d
D:4:      layout_basic, jmf_multi_god_temple2
D:5:      layout_loops_corners, marbit_many_paths, gammafunk_ghost_stat_death
D:6:      layout_basic, uniq_prince_ribbit1, uniq_maggie, uniq_sigmund
D:7:      layout_layer_cave, nicolae_hepliaklqana_hazy_memory, temple_doors_e
D:8:      layout_basic, biasface_ghost_orc_armoury
D:9:      layout_cave_pools, serial_gnoll_camp, gnoll_camp_huts_basic,
          grums_kennel, gnoll_camp_mini_loothouse, gnoll_camp_mini_house,
          enter_bailey_2, uniq_harold
D:10:     layout_roguey, erik_lair_orcish_takeover, serial_shops, shop,
          bh_circular_ruins, uniq_maurice
D:11:     layout_loops_ring, david_orc_4, uniq_josephine
D:12:     layout_loops_corners, ebering_ghost_funeral_grove, serial_shops, shop
D:13:     layout_irregular_city, grunt_vaults_entry_fortified,
          chequers_serial_rivers_micro_c
D:14:     layout_rooms, kennysheep_dice
Temple:   hc_temple_tempest_star
Lair:1:   layout_big_grid, serial_bayou_pond_c, hangedman_tree_tricks,
          uniq_erica
Lair:2:   layout_gridlike, minmay_snake_entry_guardpost_medium, serial_bayou,
          serial_bayou_pond_c, serial_bayou_pond_e, serial_bayou_shore_a,
          serial_bayou_lagoon_b
Lair:3:   layout_roguey, minmay_shoals_entry_lonely_mermaid,
          serial_bayou_pond_d, grunt_megastairs_2
Lair:4:   layout_regular_city, lemuel_fruit_tree, infiniplex_staircase_pool
Lair:5:   layout_cave_pods, beast_lair_carwin_2
Lair:6:   minmay_lair_end_frog_pond, layout_gridlike, slime_altar_1,
          serial_rivers, chequers_serial_rivers_micro_a,
          chequers_serial_rivers_marsh, chequers_serial_rivers_small_b,
          chequers_serial_rivers_small_3, chequers_serial_rivers_micro_c,
          chequers_serial_rivers_micro_a, minivault_27
Snake:1:  layout_layer_cave, hellmonk_guarded_unrand_salamander,
          grunt_megastairs_1, minmay_shop_star, uniq_agnes
Orc:1:    layout_caves, serial_shops, nicolae_shop_stone, shop_fountains, shop,
          nicolae_shop_stone, lightli_church_of_beogh, uniq_fannar

Skill      XL: |  1  2  3  4  5  6  7  8  9 10 11 12 13 14 15 |
---------------+----------------------------------------------+-----
Spellcasting   | 3 4 5 6 7 9 10 12 13 15 16 17 | 17.4
Fighting       | 1 2 3 4 5 6 7 8 9 10 | 10.2
Stealth        | 2 3 4 5 |  5.0
Dodging        | 3 4 5 |  5.7
Staves         | 1 2 |  2.9
Shields        | 1 2 |  2.4

Action                   |  1- 3 |  4- 6 |  7- 9 | 10-12 | 13-15 || total
-------------------------+-------+-------+-------+-------+-------++-------
Melee: Staff             |       |       |    24 |    40 |    15 ||    79
 Cast: Foxfire           |    94 |    99 |   141 |    66 |    15 ||   415
       Sticky Flame      |       |       |    18 |    26 |    51 ||    95
       Fireball          |       |       |    18 |   175 |   252 ||   445
       Conjure Flame     |       |       |       |     4 |       ||     4
       Summon Forest     |       |       |       |    10 |    34 ||    44
       Ensorcelled Hiber |       |       |       |     2 |       ||     2
       Summon Mana Viper |       |       |       |       |     5 ||     5
Invok: Call Merchant     |       |       |       |       |     1 ||     1
  Use: Scroll            |       |       |    11 |     6 |    10 ||    27
       Potion            |       |       |     2 |       |     8 ||    10
 Stab: Sleeping          |       |       |     1 |       |       ||     1
Armor: Robe              |     2 |       |    13 |     8 |    11 ||    34
Dodge: Dodged            |    11 |     2 |    54 |   100 |   112 ||   279
Block: Buckler           |       |       |     6 |    21 |    37 ||    64

Table legend: (Time is in decaauts)
 A = Elapsed time spent in this place.
 B = Non-inter-level travel time spent in this place.
 C = Inter-level travel time spent in this place.
 D = Time resting spent in this place.
 E = Time spent auto-exploring this place.
 F = Levels seen in this place.
 G = Mean time per level.
                   A        B        C        D        E       F      G
               +--------+--------+--------+--------+--------+-----+--------+
         Total |  34169 |  32768 |   1401 |   2884 |  26430 |  24 | 1423.7 |
       Dungeon |  22219 |  21354 |    865 |   2289 |  16893 |  14 | 1587.1 |
        Temple |    150 |    138 |     12 |      0 |    131 |   1 |  150.0 |
          Lair |  11168 |  10663 |    505 |    593 |   8940 |   6 | 1861.3 |
     Snake Pit |    141 |    123 |     18 |      0 |     92 |   1 |  141.0 |
  Orcish Mines |      9 |      9 |      0 |      0 |      0 |   1 |    9.0 |
        Bailey |    479 |    479 |      0 |      2 |    374 |   1 |  479.0 |
               +--------+--------+--------+--------+--------+-----+--------+

Top non-repeatable levels by time:
  Lair:6: 2546 daAuts
     D:4: 2413 daAuts
     D:9: 2181 daAuts
  Lair:1: 2070 daAuts
     D:5: 1918 daAuts
     D:8: 1899 daAuts
  Lair:5: 1862 daAuts
     D:7: 1854 daAuts
    D:12: 1846 daAuts
  Lair:2: 1801 daAuts
    D:11: 1788 daAuts
    D:13: 1776 daAuts
     D:6: 1606 daAuts
  Lair:3: 1604 daAuts
    D:10: 1560 daAuts
